 Dungeon Crawl Stone Soup version 0.20-a0 (console) character file.

12029 brucemayne the Cleaver (level 11, -3/126 HPs)
             Began as a Demonspawn Berserker on Oct 27, 2016.
             Was a High Priest of Trog.
             Killed by nerve-wracking pain
             ... invoked by an orc high priest
              (14 damage)
             ... on level 2 of the Orcish Mines.
             The game lasted 00:21:48 (3725 turns).

brucemayne the Cleaver (Demonspawn Berserker)       Turns: 3725, Time: 00:21:49

Health: -3/126     AC: 17    Str: 28    XL:     11   Next: 57%
Magic:  11/11      EV:  8    Int: 15    God:    Trog [*****.]
Gold:   921        SH:  0    Dex: 12    Spells: 0 memorised, 10 levels left

rFire  . . .     SeeInvis .     m - +2 war axe (venom)
rCold  + + .     Gourm    .     x - +0 plate armour
rNeg   . . .     Faith    .     (no shield)
rPois  .         Spirit   .     (helmet restricted)
rElec  .         Reflect  .     (no cloak)
rCorr  .         Harm     .     J - +1 pair of gloves {Str+3}
MR     .....                    (no boots)
Stlth  ..........               A - amulet "Plog" {*Corrode rC++ Regen+ Int+5}
                                (no ring)
                                (no ring)

@: berserking, lethally poisoned (-3 -> -4), very quick
A: horns 1, talons 2, icy blue scales 2, foul stench 2, rot immunity, subdued
magic 1, MP-powered wands
a: Berserk, Trog's Hand, Brothers in Arms, Burn Spellbooks, Renounce Religion


You were on level 2 of the Orcish Mines.
You worshipped Trog.
Trog was extremely pleased with you.
You were not hungry.

You visited 3 branches of the dungeon, and saw 14 of its levels.

You collected 921 gold pieces.

Inventory:

Hand Weapons
 a - a +0 hand axe
 m - a +2 war axe of venom (weapon)
 r - a +0 hand axe
 y - a +0 battleaxe
 K - a +0 blowgun
Missiles
 D - 8 curare-tipped needles
 L - 18 poisoned needles
Armour
 b - a +0 animal skin
 i - a +0 ring mail
 n - a +0 scale mail
 o - a +0 buckler
 w - a +0 chain mail
 x - a +0 plate armour (worn)
 I - a +0 large shield
 J - a +1 pair of gloves of strength (worn)
 N - a +0 pair of boots
 P - a +0 troll leather armour
Jewellery
 A - the amulet "Plog" (around neck) {*Corrode rC++ Regen+ Int+5}
   (You found it on level 6 of the Dungeon)

   [amulet of regeneration]

   It affects your intelligence (+5).
   It greatly protects you from cold.
   It increases your rate of regeneration.
   It may corrode you when you take damage.
Wands
 u - a wand of iceblast (10/15)
 v - a wand of disintegration (10/24)
 C - a wand of lightning (3/15)
 F - a wand of iceblast (6/15)
 H - a wand of lightning (10/15)
Scrolls
 g - 3 scrolls of identify
 h - 3 scrolls of blinking
 s - 2 scrolls of random uselessness
Potions
 e - 2 potions of resistance
 f - a potion of cure mutation
 k - 2 potions of curing
 p - a potion of ambrosia
 q - 2 potions of brilliance
 z - a potion of berserk rage {unknown}
 G - a potion of cancellation {unknown}
Books
 c - a book of Debilitation

   Spells                             Type                      Level
   a - Corona                         Hexes                        1
   b - Slow                           Hexes                        2
   c - Gell's Gravitas                Hexes/Translocation          3
   d - Inner Flame                    Hexes/Fire                   3
   e - Cause Fear                     Hexes                        4
   f - Leda's Liquefaction            Hexes/Earth                  4
   Trog disapproves of the use of such an item.
Comestibles
 B - 3 meat rations


   Skills:
 - Level 7.0 Fighting
 + Level 14.6 Axes
 - Level 5.7 Armour
 - Level 1.7 Dodging


You had 10 spell levels left.
You didn't know any spells.

Dungeon Overview and Level Annotations

Branches:
Dungeon (11/15)            Temple (1/1) D:6             Orc (2/2) D:10
    Elf (0/3) Orc:2
   Lair: D:8-11

Altars:
Ashenzari
Cheibriados
Dithmenos
Fedhas
Gozag
Hepliaklqana
Kikubaaqudgha
Makhleb
Okawaru
Ru
Sif Muna
Vehumet
Xom
Zin
The Shining One

Shops:
Orc:2 [==[

Annotations:
D:10 exclusion: ice statue
Orc:2 exclusion: upstairs


Innate Abilities, Weirdness & Mutations

You have razor-sharp toenails.
You are mostly covered in icy blue scales. (AC +3)
You frequently emit foul miasma when damaged in melee.
You are immune to rotting.
You have a pair of small horns on your head.
Your spells are a little easier to cast, but a little less powerful.
You expend magic power (3 MP) to strengthen your wands.


Message History

Trog accepts your kill.
You slash the orc priest!
You kill the orc priest!
Trog accepts your kill.
You hit the orc warrior but do no damage.
The orc warrior is poisoned.
You feel sick.
The orc priest calls down the wrath of Beogh upon you.
Beogh smites you!
* * * LOW HITPOINT WARNING * * *
The orc warrior hits you with a trident.
* * * LOW HITPOINT WARNING * * *
An orc priest comes into view. It is wielding a war axe.
You slice the orc priest!!
You kill the orc priest!
Trog accepts your kill.
You hit the orc warrior but do no damage.
The orc warrior looks as sick as possible!
The orc high priest mumbles some strange prayers to Beogh against you.
Pain shoots through your body!
You die...

......#...................
..............#...........
..........................
..................##......
######...######...##
...... #.......§)....##..#
..... .........))o...##..
.... .....#####))....#.#
.... ......#.#)@oo...#
.... ... #....)#[....#
.... . ##..o###o...# ....
#..... .#..# ..#. ...#∩#..
##..# .... #....∩. ... ..#
.... ##...#∩ ...# # .#..
#..#... .#.o ... ..## ..
###oo ...


You could see an orc high priest, an orc warrior, 2 orc priests and an orc
wizard.

Vanquished Creatures
  An orc warlord (Orc:1)
  An ettin (Orc:1)
  3 orc high priests (Orc:2)
  2 hill giants (D:10)
  An ugly thing (D:10)
  An orc sorcerer (Orc:2)
  A cyclops (Orc:1)
  2 komodo dragons (D:10)
  A two-headed ogre (D:9)
  A troll (D:10)
  A hippogriff (D:10)
  Menkaure (D:7)
  2 wargs
  14 orc warriors
  2 ice beasts
  A sky beast (D:6)
  A necrophage (D:8)
  An ogre (D:7)
  6 centaurs
  3 big kobolds
  A bullfrog (D:7)
  A gnoll sergeant (D:10)
  A scorpion (D:10)
  A killer bee (D:9)
  4 wights (D:10)
  3 crimson imps
  4 hounds
  24 orc priests
  A jelly (D:10)
  17 orc wizards
  2 bullfrog skeletons
  A centaur skeleton (D:7)
  2 worker ants
  A hound zombie (D:10)
  6 gnolls
  3 adders
  2 shadow imps
  An ooze (D:1)
  An adder skeleton (D:4)
  A leopard gecko (D:4)
  63 orcs
  A goblin (D:1)
  4 hobgoblins
  4 jackals (D:5)
  19 kobolds
  3 quokkas
  5 frilled lizards
  A leopard gecko zombie (D:4)
223 creatures vanquished.

Vanquished Creatures (collateral kills)
  An orc warrior (Orc:2)
  An orc priest (Orc:2)
  An orc wizard (Orc:2)
3 creatures vanquished.

Vanquished Creatures (others)
  An orc warrior (Orc:1)
  An orc (D:10)
  7 plants (D:10)
9 creatures vanquished.

Grand Total: 235 creatures vanquished

Notes
Turn   | Place    | Note
-------+----------+-------------------------------------------
     0 | D:1      | brucemayne the Demonspawn Berserker began the quest for the Orb.
     0 | D:1      | Reached XP level 1. HP: 18/18 MP: 1/1
    56 | D:1      | Reached skill level 3 in Axes
    65 | D:1      | Gained mutation: You are immune to rotting. [demonic ancestry]
    65 | D:1      | Reached XP level 2. HP: 14/24 MP: 2/2
   371 | D:4      | Reached skill level 4 in Axes
   371 | D:4      | Gained mutation: You are partially covered in icy blue scales. (AC +2) [demonic ancestry]
   371 | D:4      | Reached XP level 3. HP: 29/29 MP: 3/3
   453 | D:4      | Gained mutation: You may emit foul miasma when damaged in melee. [demonic ancestry]
   453 | D:4      | Reached XP level 4. HP: 31/35 MP: 4/4
   463 | D:5      | Entered Level 5 of the Dungeon
   546 | D:5      | Found a shadowy altar of Dithmenos.
   547 | D:5      | Found a glowing golden altar of the Shining One.
   583 | D:5      | Noticed a centaur
   592 | D:5      | Killed a centaur
   592 | D:5      | Reached skill level 5 in Axes
   592 | D:5      | Gained mutation: You have sharp toenails. [demonic ancestry]
   592 | D:5      | Reached XP level 5. HP: 30/41 MP: 5/5
   795 | D:5      | Reached ** piety under Trog
   795 | D:5      | Reached skill level 6 in Axes
   944 | D:6      | Noticed a sky beast
   947 | D:6      | Noticed an orc warrior
   955 | D:6      | Reached XP level 6. HP: 47/47 MP: 6/6
   955 | D:6      | Killed an orc warrior
   956 | D:6      | Killed a sky beast
   956 | D:6      | Reached skill level 7 in Axes
   964 | D:6      | Gained mutation: Your mind is acute. (Int +2) [mutagenic meat]
   965 | D:6      | Gained mutation: Armour fits poorly on your strangely shaped body. [mutagenic meat]
   966 | D:6      | Gained mutation: You have a pair of small horns on your head. [mutagenic meat]
   967 | D:6      | Gained mutation: Your body sometimes deteriorates upon taking damage. [mutagenic meat]
   968 | D:6      | Gained mutation: You are somewhat resistant to further mutation. [mutagenic meat]
   971 | D:6      | Lost mutation: Your mind is acute. (Int +2) [potion of cure mutation]
   971 | D:6      | Lost mutation: You are somewhat resistant to further mutation. [potion of cure mutation]
   971 | D:6      | Lost mutation: Armour fits poorly on your strangely shaped body. [potion of cure mutation]
   971 | D:6      | Lost mutation: Your body sometimes deteriorates upon taking damage. [potion of cure mutation]
   971 | D:6      | Lost mutation: You have a pair of small horns on your head. [potion of cure mutation]
  1031 | D:6      | Reached XP level 7. HP: 45/52 MP: 7/7
  1120 | D:6      | Got a warped emerald amulet
  1121 | D:6      | Identified the amulet "Plog" {*Corrode rC++ Regen+ Int+5} (You found it on level 6 of the Dungeon)
  1335 | D:6      | Found a staircase to the Ecumenical Temple.
  1344 | Temple   | Entered the Ecumenical Temple
  1486 | D:7      | Reached skill level 8 in Axes
  1580 | D:7      | Noticed Menkaure
  1592 | D:7      | Killed Menkaure
  1592 | D:7      | Reached skill level 9 in Axes
  1592 | D:7      | Gained mutation: You are mostly covered in icy blue scales. (AC +3) [demonic ancestry]
  1592 | D:7      | Reached XP level 8. HP: 54/58 MP: 8/8
  2070 | D:9      | Reached skill level 10 in Axes
  2116 | D:9      | Noticed a two-headed ogre
  2120 | D:9      | Killed a two-headed ogre
  2167 | D:8      | Found a hazy altar of Hepliaklqana.
  2191 | D:10     | Entered Level 10 of the Dungeon
  2199 | D:10     | Noticed a cyan ugly thing
  2209 | D:10     | Killed a cyan ugly thing
  2209 | D:10     | Reached skill level 11 in Axes
  2209 | D:10     | Gained mutation: You frequently emit foul miasma when damaged in melee. [demonic ancestry]
  2209 | D:10     | Reached XP level 9. HP: 63/63 MP: 9/9
  2266 | D:10     | Reached *** piety under Trog
  2335 | D:10     | Reached skill level 12 in Axes
  2362 | D:10     | Gained mutation: Your spells are a little easier to cast, but a little less powerful. [mutagenic meat]
  2363 | D:10     | Gained mutation: You have a pair of small horns on your head. [mutagenic meat]
  2365 | D:10     | Gained mutation: You expend magic power (3 MP) to strengthen your wands. [mutagenic meat]
  2394 | D:10     | Noticed a hill giant
  2478 | D:10     | Noticed a komodo dragon
  2486 | D:10     | Killed a komodo dragon
  2587 | D:10     | Found a staircase to the Orcish Mines.
  2595 | D:10     | Noticed a komodo dragon
  2612 | D:10     | Killed a komodo dragon
  2630 | D:10     | Killed a hill giant
  2630 | D:10     | Reached skill level 13 in Axes
  2630 | D:10     | Reached XP level 10. HP: 37/70 MP: 10/10
  2677 | Orc:1    | Entered Level 1 of the Orcish Mines
  2687 | Orc:1    | Reached **** piety under Trog
  2731 | Orc:1    | Noticed an orc warlord
  2731 | Orc:1    | Noticed an ettin
  2918 | D:10     | Noticed an ice statue
  2941 | D:10     | Noticed a hill giant
  2948 | D:10     | Killed a hill giant
  3052 | Orc:1    | Killed an ettin
  3052 | Orc:1    | Reached skill level 5 in Fighting
  3059 | Orc:1    | Killed an orc warlord
  3059 | Orc:1    | Reached skill level 5 in Armour
  3145 | Orc:1    | Noticed a cyclops
  3192 | Orc:1    | Killed a cyclops
  3192 | Orc:1    | Gained mutation: You have razor-sharp toenails. [demonic ancestry]
  3192 | Orc:1    | Reached XP level 11. HP: 81/83 MP: 11/11
  3279 | Orc:2    | Entered Level 2 of the Orcish Mines
  3284 | Orc:2    | Found Tiptakh's Antique Armour Shop.
  3375 | Orc:1    | Noticed an orc high priest
  3376 | Orc:1    | Noticed an orc warlord
  3378 | Orc:1    | Noticed a sun demon
  3404 | Orc:2    | Reached ***** piety under Trog
  3416 | Orc:2    | Found a burning altar of Makhleb.
  3501 | Orc:2    | Noticed an orc sorcerer
  3511 | Orc:2    | Killed an orc sorcerer
  3580 | Orc:2    | Noticed an orc high priest
  3603 | Orc:2    | Killed an orc high priest
  3603 | Orc:2    | Reached skill level 14 in Axes
  3612 | Orc:2    | Noticed an orc high priest
  3635 | Orc:2    | Killed an orc high priest
  3639 | Orc:2    | Found a staircase to the Elven Halls.
  3684 | Orc:2    | Found Atioruirey's Jewellery Emporium.
  3685 | Orc:2    | Found Bieck's Armour Emporium.
  3687 | Orc:2    | Found Yxinit's Jewellery Shoppe.
  3689 | Orc:2    | Noticed an orc high priest
  3712 | Orc:2    | Killed an orc high priest
  3722 | Orc:2    | Noticed an orc high priest
  3725 | Orc:2    | Killed from afar by an orc high priest

Vault maps used:
D:1:      mrwooster_arrival_statue_3
D:2:      cheibrodos_helix_gallery, nicolae_qazlal_style_of_elements
D:4:      minmay_opposing_rooms, kennysheep_little_box, uniq_duvessa
D:5:      grunt_temple_overflow_open, first_bread
D:6:      minmay_crystal_room, columned_hall_lemuel
D:7:      the_bakery, uniq_menkaure, uniq_crazy_yiuf_cottage
D:8:      nicolae_overflow_hidden_temple
D:10:     cheibrodos_frozen_isle, david_lair_shrubbed, hiddenorc2_lemuel
D:11:     minmay_statue_hallways, serial_shops, nicolae_shop_stone, basic_altar
Temple:   nicolae_temple_x_marks_the_god
Orc:2:    st_orc_mages, serial_shops, shop, bloody_makhleb, uniq_snorg

Skill      XL: |  1  2  3  4  5  6  7  8  9 10 11 |
---------------+----------------------------------+-----
Axes           | 3 4 5 6 7 9 11 13 14 | 14.6
Armour         | 5 |  5.7
Fighting       | 6 7 |  7.0
Dodging        | |  1.7

Action                   |  1- 3 |  4- 6 |  7- 9 | 10-12 || total
-------------------------+-------+-------+-------+-------++-------
Melee: Hand axe          |    56 |       |       |       ||    56
       War axe           |     3 |    55 |   219 |   232 ||   509
       Kick              |       |    12 |    63 |    78 ||   153
       Headbutt          |       |       |    16 |    51 ||    67
Invok: Berserk           |     2 |     1 |     6 |     4 ||    13
       Trog's Hand       |       |       |     4 |     5 ||     9
       Brothers in Arms  |       |       |       |     1 ||     1
  Use: Potion            |       |     2 |       |     3 ||     5
       Scroll            |       |     1 |     2 |    11 ||    14
 Stab: Invisible         |       |       |       |     8 ||     8
  Eat: Chunk             |       |     8 |     8 |     6 ||    22
       Beef jerky        |       |     1 |       |       ||     1
       Royal jelly       |       |       |     1 |     1 ||     2
       Bread ration      |       |       |     2 |       ||     2
Armor: Animal skin       |     1 |       |       |       ||     1
       Ring mail         |    18 |    14 |       |       ||    32
       Chain mail        |       |     5 |       |       ||     5
       Plate armour      |       |     2 |   156 |   133 ||   291
Dodge: Dodged            |    45 |    39 |    80 |    57 ||   221
